[Event "Thursday 12 April, Rapid Engine Tour, 12+2, rd 6+7 Chess960, 16.00 ST"]
[Site "Infinity Chess"]
[Date "2018.4.12"]
[Round "1"]
[White "ivrdurant"]
[Black "Eman"]
[Result "1/2-1/2"]
[ECO "C55"]
[WhiteElo "2417"]
[BlackElo "2467"]
[WhiteEngine "Raubfisch ME262_GTZ16d4"]
[BlackEngine "Eman 1.70-beta20 64-bit BMI2"]
[EventType "Swiss"]
[WhiteTeam ""]
[BlackTeam ""]
[PlyCount "157"]
[TimeControl "720+2"]

1. e4 e5 2. Nf3 Nc6 3. Bc4 Nf6 4. d3 Bc5 5. O-O d6 6. c3 O-O 7. Bg5 a5 8. Bh4 h6 
9. a4 g5 10. Bg3 Ba7 11. Na3 Ne7 12. Re1 Nh5 13. Nc2 Nf4 14. h3 Neg6 15. Ne3 Qf6 
16. Rc1 Bxe3 17. fxe3 Nh5 18. Bh2 g4 19. hxg4 Bxg4 20. Rf1 Nh4 21. Nxh4 Qxh4 
22. Qe1 Qg5 23. Rc2 Be6 24. Rcf2 Bxc4 25. dxc4 Rae8 26. Rf5 Qg4 27. Qf2 f6 
28. c5 Kh7 29. c4 Ng7 30. Rxf6 Rxf6 31. Qxf6 Qxe4 32. Qf3 Qxc4 33. Qxb7 Qxc5 
34. Qe4+ Kg8 35. Bg3 Rf8 36. Rxf8+ Kxf8 37. Bh4 Qb6 38. Qa8+ Ne8 39. Qf3+ Kg7 
40. Kh2 Qb4 41. e4 Qxa4 42. Qg4+ Kh8 43. Qc8 Kg8 44. b3 Qb5 45. Qe6+ Kg7 
46. Kg1 a4 47. bxa4 Qxa4 48. Kh2 c5 49. Qe7+ Kg8 50. Qe6+ Kg7 51. Qe7+ Kg6 
52. Qe6+ Kh7 53. Qf7+ Kh8 54. Qf8+ Kh7 55. Qf7+ Kh8 56. Kg3 c4 57. Qf8+ Kh7 
58. Qf7+ Kh8 59. Qf8+ Kh7 60. Qe7+ Kg6 61. Qe6+ Kg7 62. Kh2 c3 63. Qe7+ Kh8 
64. Qf8+ Kh7 65. Qe7+ Kg6 66. Qe6+ Kg7 67. Qe7+ Kh8 68. Qe6 Ng7 69. Qxh6+ Kg8 
70. Bf6 Qd7 71. Bxg7 Qxg7 72. Qxd6 c2 73. Qc6 Qh8+ 74. Kg1 Qh4 75. Qxc2 Qe1+ 
76. Kh2 Qh4+ 77. Kg1 Qe1+ 78. Kh2 Qh4+ 79. Kg1 1/2-1/2

[Event "Thursday 12 April, Rapid Engine Tour, 12+2, rd 6+7 Chess960, 16.00 ST"]
[Site "Infinity Chess"]
[Date "2018.4.12"]
[Round "1"]
[White "Dovahkiin"]
[Black "Thor"]
[Result "0-1"]
[ECO "C50"]
[WhiteElo "2424"]
[BlackElo "2484"]
[WhiteEngine "Raubfisch ME262_GTZ16f_CTG"]
[BlackEngine "asmFishW_2018-04-08_bmi2"]
[EventType "Swiss"]
[WhiteTeam ""]
[BlackTeam ""]
[PlyCount "108"]
[TimeControl "720+2"]

1. e4 e5 2. Nf3 Nc6 3. Bc4 Bc5 4. O-O Nf6 5. d3 d6 6. c3 a5 7. Bg5 Ba7 8. Bh4 h6 
9. Nbd2 g5 10. Bg3 O-O 11. Bb3 Nh7 12. Kh1 Qf6 13. Nc4 Qg7 14. Ne3 Nf6 
15. a4 Kh8 16. Qe2 Bd7 17. Nd2 Qg6 18. Bc2 Nh5 19. Ndc4 Ng7 20. Rae1 Be6 
21. h3 Rac8 22. Qd1 f6 23. Bh2 Qf7 24. g4 h5 25. Qe2 Kh7 26. Kg2 Rce8 
27. Rg1 Qd7 28. Qf3 Qf7 29. Nd2 Kh8 30. Ndc4 h4 31. Qd1 Qd7 32. Rgf1 Bg8 
33. Na3 Ne7 34. d4 Ng6 35. d5 c6 36. Qd2 Qc7 37. Kg1 Ne7 38. Rd1 Rd8 
39. Nac4 Bc5 40. Rc1 Rc8 41. Rfd1 Ng6 42. Ng2 Ne7 43. Nge3 Ng6 44. Nf1 cxd5 
45. exd5 Bh7 46. Kh1 Qe7 47. Qe2 f5 48. Nfd2 Nf4 49. Bxf4 gxf4 50. Rg1 e4 
51. gxf5 e3 52. b4 Ba7 53. b5 Bc5 54. fxe3 Nxf5 0-1

[Event "Thursday 12 April, Rapid Engine Tour, 12+2, rd 6+7 Chess960, 16.00 ST"]
[Site "Infinity Chess"]
[Date "2018.4.12"]
[Round "1"]
[White "RonWeasley"]
[Black "Deep_Impact"]
[Result "1/2-1/2"]
[ECO "D30"]
[WhiteElo "2484"]
[BlackElo "2430"]
[WhiteEngine "BrainFish 090218_CTG"]
[BlackEngine "asmFishW_2018-04-07_bmi2"]
[EventType "Swiss"]
[WhiteTeam ""]
[BlackTeam ""]
[PlyCount "140"]
[TimeControl "720+2"]

1. d4 d5 2. c4 e6 3. Nf3 Nf6 4. Nc3 c6 5. Bg5 h6 6. Bxf6 Qxf6 7. e3 Nd7 
8. Be2 g6 9. O-O Bg7 10. e4 dxe4 11. Nxe4 Qf4 12. Qc2 f5 13. Ned2 c5 14. g3 Qc7 
15. Nh4 Bxd4 16. Nxg6 Rg8 17. Nh4 Nf6 18. Ndf3 Rxg3+ 19. hxg3 Qxg3+ 20. Ng2 Ng4 
21. Qd2 Bxf2+ 22. Rxf2 Qxf2+ 23. Kh1 Bd7 24. Ne5 O-O-O 25. Nxg4 fxg4 26. Rd1 h5 
27. b3 b6 28. Qd3 Qf5 29. Kg1 Qxd3 30. Rxd3 Be8 31. Kf2 Rxd3 32. Bxd3 Kd8 
33. Kg3 Ke7 34. Nf4 Kf6 35. Kh4 Ke5 36. Ne2 a6 37. Kg5 Bf7 38. Bh7 Be8 
39. Bc2 b5 40. cxb5 axb5 41. a4 bxa4 42. bxa4 c4 43. a5 Kd6 44. a6 Kc7 
45. a7 Kb7 46. Bh7 Kxa7 47. Bg8 g3 48. Nxg3 c3 49. Ne2 c2 50. Nc1 Bd7 
51. Bh7 Kb6 52. Bxc2 Be8 53. Kh4 Kb7 54. Nd3 Kc7 55. Nc1 Kb6 56. Na2 Bc6 
57. Nc3 Be8 58. Ne4 Bd7 59. Nd2 Kc5 60. Nb3+ Kb4 61. Nc1 Kc3 62. Be4 Kd4 
63. Bg6 Bc6 64. Nb3+ Ke5 65. Nc5 Bb5 66. Bb1 Bf1 67. Bd3 Bxd3 68. Nxd3+ Ke4 
69. Ne1 e5 70. Kxh5 Kf5 1/2-1/2

[Event "Thursday 12 April, Rapid Engine Tour, 12+2, rd 6+7 Chess960, 16.00 ST"]
[Site "Infinity Chess"]
[Date "2018.4.12"]
[Round "1"]
[White "localhero"]
[Black "MCDermont"]
[Result "1/2-1/2"]
[ECO "C65"]
[WhiteElo "2433"]
[BlackElo "2494"]
[WhiteEngine "asmFishW_2017-10-04_popcnt"]
[BlackEngine "BrainFish 090218"]
[EventType "Swiss"]
[WhiteTeam ""]
[BlackTeam ""]
[PlyCount "96"]
[TimeControl "720+2"]

1. e4 e5 2. Nf3 Nc6 3. Bb5 Nf6 4. O-O Nxe4 5. d4 Nd6 6. Bxc6 dxc6 7. dxe5 Nf5 
8. Qxd8+ Kxd8 9. Nc3 Bd7 10. Rd1 Kc8 11. Ng5 Be8 12. Rd3 Be7 13. Nge4 b6 
14. b3 a5 15. Bb2 Bd7 16. a4 Be6 17. Ne2 g5 18. Nd6+ Bxd6 19. exd6 Rd8 
20. Bf6 Rxd6 21. Rxd6 cxd6 22. Bxg5 Kd7 23. Bf6 c5 24. Rd1 d5 25. Nf4 d4 
26. Re1 Rc8 27. g4 Ne7 28. Bxe7 Kxe7 29. Re4 Kd6 30. Nxe6 fxe6 31. f4 Kd5 
32. Re5+ Kd6 33. Kf2 c4 34. Rb5 d3 35. c3 Rf8 36. f5 h5 37. h3 hxg4 38. hxg4 Rg8 
39. Rxb6+ Kc7 40. Rb5 cxb3 41. Ke3 Rxg4 42. fxe6 Kd6 43. Rxb3 d2 44. Rb6+ Kc7 
45. Rb1 Kd6 46. Kxd2 Kxe6 47. c4 Rxc4 48. Rb6+ Kd5 1/2-1/2

[Event "Thursday 19 April Rapid Engine Tour 12+1 Rounds 9 Starts 1600ST"]
[Site "Infinity Chess"]
[Date "2018.4.19"]
[Round "9"]
[White "CrapCleaner"]
[Black "ludimilojko"]
[Result "1-0"]
[ECO "C50"]
[WhiteElo "2456"]
[BlackElo "2288"]
[WhiteEngine "Raubfisch X38b_CTG"]
[BlackEngine "asmFishW_2018-04-15_base_CTG"]
[EventType "Swiss"]
[WhiteTeam ""]
[BlackTeam ""]
[PlyCount "91"]
[TimeControl "720+1"]

1. e4 e5 2. Nf3 Nc6 3. Bc4 Bc5 4. O-O Nf6 5. d3 O-O 6. c3 d6 7. Bg5 h6 8. Bh4 a5 
9. a4 Be6 10. Nbd2 Qe7 11. Re1 g5 12. Bg3 Ne8 13. Bxe6 fxe6 14. Nc4 Qf7 
15. Qb3 Rb8 16. Rf1 Nf6 17. Qb5 Qe7 18. Rad1 Nh5 19. d4 exd4 20. Nxd4 Qe8 
21. Qb3 Nf4 22. Kh1 Bxd4 23. cxd4 Ne2 24. Qe3 Nxg3+ 25. hxg3 b5 26. axb5 Rxb5 
27. Qc1 d5 28. Na3 Rb4 29. Nc2 Rb5 30. exd5 Rxd5 31. f3 Qd7 32. Rfe1 Rd6 
33. Kh2 a4 34. Re4 Rb8 35. Rd3 Nb4 36. Nxb4 Rxb4 37. Rc3 c6 38. Rc5 Rdxd4 
39. Rg4 Rxg4 40. fxg4 Rb6 41. Ra5 Rb8 42. Rxa4 Rc8 43. Qc2 Qf7 44. b4 h5 
45. Ra5 c5 46. Rxc5 1-0

[Event "Thursday 19 April Rapid Engine Tour 12+1 Rounds 9 Starts 1600ST"]
[Site "Infinity Chess"]
[Date "2018.4.19"]
[Round "9"]
[White "Thinker"]
[Black "angriff"]
[Result "1/2-1/2"]
[ECO "C55"]
[WhiteElo "2455"]
[BlackElo "2371"]
[WhiteEngine "BrainFish_180411_x64_modern_CTG"]
[BlackEngine "DracoREX 3.07 64BIT POPCNT_CTG"]
[EventType "Swiss"]
[WhiteTeam ""]
[BlackTeam ""]
[PlyCount "125"]
[TimeControl "720+1"]

1. e4 e5 2. Nf3 Nc6 3. Bc4 Nf6 4. d3 Bc5 5. c3 d6 6. O-O O-O 7. h3 a6 8. Re1 Ba7 
9. Bb3 h6 10. Nbd2 Re8 11. Nf1 Be6 12. Bc2 d5 13. Qe2 b5 14. Bd2 Qd7 15. Ng3 d4 
16. a4 Bc5 17. Rec1 Qd6 18. Qe1 dxc3 19. bxc3 b4 20. cxb4 Nxb4 21. d4 Nxc2 
22. Rxc2 Bxd4 23. Nxd4 exd4 24. e5 Bb3 25. exd6 Rxe1+ 26. Rxe1 Bxc2 27. dxc7 Rc8 
28. Ba5 d3 29. Nf1 Bxa4 30. Ne3 g6 31. f3 Kf8 32. Kf2 d2 33. Ra1 Bb3 34. Ra3 Bc4 
35. Bxd2 Be6 36. Ba5 Ne8 37. Rc3 Ke7 38. Ng4 Bxg4 39. fxg4 g5 40. Kf3 Kd7 
41. Rd3+ Kc6 42. Rd8 Kb7 43. Rd7 f6 44. g3 Nxc7 45. Rd6 Ne8 46. Rb6+ Ka7 
47. Re6 Kb7 48. h4 Rc5 49. Be1 Rc8 50. Ba5 Rc5 51. Be1 Rc8 52. Bb4 Rc4 
53. Re4 Rxe4 54. Kxe4 Kc6 55. Kf5 Kd7 56. Bf8 a5 57. Bxh6 Ke7 58. hxg5 Nd6+ 
59. Kg6 fxg5 60. Bxg5+ Ke6 61. Bc1 Ne4 62. g5 Nxg3 63. Bb2 1/2-1/2

[Event "Thursday 19 April Rapid Engine Tour 12+1 Rounds 9 Starts 1600ST"]
[Site "Infinity Chess"]
[Date "2018.4.19"]
[Round "9"]
[White "Seliga"]
[Black "IronMan"]
[Result "1/2-1/2"]
[ECO "C55"]
[WhiteElo "2476"]
[BlackElo "2448"]
[WhiteEngine "SF9 ''X20''_CTG"]
[BlackEngine "Eman 170b21-IDeA"]
[EventType "Swiss"]
[WhiteTeam ""]
[BlackTeam ""]
[PlyCount "123"]
[TimeControl "720+1"]

1. e4 e5 2. Nf3 Nc6 3. Bc4 Nf6 4. d3 Bc5 5. a4 d6 6. O-O h6 7. Be3 Bb6 
8. Qe1 O-O 9. b4 a6 10. a5 Bxe3 11. fxe3 Be6 12. Bxe6 fxe6 13. c4 b6 
14. axb6 cxb6 15. h3 b5 16. cxb5 axb5 17. Rxa8 Qxa8 18. Qc3 Qb7 19. Nbd2 Qb6 
20. Kf2 Ne7 21. Qb3 d5 22. Rc1 d4 23. exd4 exd4 24. g3 Nd7 25. Kg2 Ng6 
26. Qa2 Nge5 27. Ne1 Qd6 28. Ndf3 Kh7 29. Rc2 Nxf3 30. Nxf3 Rxf3 31. Kxf3 Ne5+ 
32. Kg2 Nxd3 33. Rd2 Nxb4 34. Qb3 d3 35. Kh2 e5 36. Qf7 Nc2 37. Qf5+ Kg8 
38. Qc8+ Kh7 39. Qf5+ Kg8 40. Qf3 Kh7 41. Qxd3 Nd4 42. Rb2 b4 43. h4 Qb8 
44. Kg2 Qb7 45. Rf2 b3 46. h5 Qa8 47. Kh3 Qc6 48. Kg2 Qe6 49. Rf8 b2 50. Qb1 Qb3 
51. Rf2 Qe3 52. Qxb2 Qxe4+ 53. Kh2 Nf3+ 54. Kg2 Ne1+ 55. Kg1 Nd3 56. Re2 Qg4 
57. Qb6 Qxe2 58. Qg6+ Kh8 59. Qe8+ Kh7 60. Qg6+ Kh8 61. Qe8+ Kh7 62. Qg6+ 
1/2-1/2

[Event "Thursday 19 April Rapid Engine Tour 12+1 Rounds 9 Starts 1600ST"]
[Site "Infinity Chess"]
[Date "2018.4.19"]
[Round "9"]
[White "hafaba"]
[Black "star99"]
[Result "1/2-1/2 "]
[ECO "B32"]
[WhiteElo "2452"]
[BlackElo "2456"]
[WhiteEngine "Eman 1.70-beta21 64-bit POPCNT_CTG"]
[BlackEngine "Cryptic Heroes 9.4B"]
[EventType "Swiss"]
[WhiteTeam ""]
[BlackTeam ""]
[PlyCount "145"]
[TimeControl "720+1"]

1. e4 c5 2. Nf3 Nc6 3. d4 cxd4 4. Nxd4 e5 5. Nb5 d6 6. N1c3 a6 7. Na3 b5 
8. Nd5 Nf6 9. c4 Nxd5 10. exd5 Nd4 11. cxb5 g6 12. Be3 Bg7 13. Bxd4 exd4 
14. Bd3 O-O 15. O-O Qa5 16. Qe1 axb5 17. Nxb5 Bf5 18. Qe2 Bd7 19. Rfb1 Rfe8 
20. Qf1 Re5 21. b4 Qd8 22. a4 Rxd5 23. a5 Rh5 24. g3 Qb8 25. Na3 Bh3 26. Qe2 Ra7 
27. Nc4 Qa8 28. f3 Qb8 29. f4 Bf6 30. Re1 Kg7 31. Rab1 Be6 32. Qf3 Bd8 
33. Qf2 Rc7 34. Nd2 Rc3 35. Be2 Rd5 36. Bc4 Bf6 37. Rxe6 Rxc4 38. Nxc4 fxe6 
39. Nb6 Rb5 40. Qf1 Qe8 41. Rc1 Rxb4 42. Rc7+ Kg8 43. Rc8 Bd8 44. Rb8 Kf7 
45. a6 d3 46. Rb7+ Be7 47. a7 Qb5 48. a8=Q Rb1 49. Qf8+ Kxf8 50. Nd7+ Qxd7 
51. Qxb1 Qc6 52. Rb8+ Kg7 53. Qxd3 h5 54. Rb1 Qc5+ 55. Kg2 Qc6+ 56. Kg1 Qc5+ 
57. Kg2 Qc6+ 58. Kf2 e5 59. Re1 h4 60. Qe4 Qxe4 61. Rxe4 hxg3+ 62. Kxg3 exf4+ 
63. Rxf4 Bf6 64. Rf2 d5 65. Rd2 d4 66. Kf3 d3 67. Rxd3 Be5 68. h3 Kf7 
69. Rd7+ Ke6 70. Ra7 Kf5 71. Ra5 Kf6 72. Rc5 Bd4 73. Rc4 1/2-1/2

[Event "Thursday 19 April Rapid Engine Tour 12+1 Rounds 9 Starts 1600ST"]
[Site "Infinity Chess"]
[Date "2018.4.19"]
[Round "9"]
[White "ocirema"]
[Black "Marsell"]
[Result "1/2-1/2"]
[ECO "C55"]
[WhiteElo "2432"]
[BlackElo "2479"]
[WhiteEngine "asmFishW_2018-04-15_popcnt_CTG"]
[BlackEngine "BrainFish_180408_x64_bmi2"]
[EventType "Swiss"]
[WhiteTeam ""]
[BlackTeam ""]
[PlyCount "107"]
[TimeControl "720+1"]

1. e4 e5 2. Nf3 Nc6 3. Bc4 Nf6 4. d3 Bc5 5. O-O d6 6. c3 O-O 7. Nbd2 a6 
8. a4 Ne7 9. Re1 Ng6 10. a5 c6 11. h3 Ba7 12. Ba2 Re8 13. d4 d5 14. dxe5 Nxe5 
15. Nxe5 Rxe5 16. exd5 Rxe1+ 17. Qxe1 cxd5 18. Bb3 Be6 19. Nf1 h6 20. Bf4 Qe8 
21. Qd1 Qb5 22. Ra4 Rc8 23. Nd2 Nd7 24. Rb4 Qxa5 25. Ne4 Bb8 26. Nd6 Bxd6 
27. Bxd6 Nb6 28. Qe2 Nc4 29. Bxc4 dxc4 30. Rxb7 Qd5 31. Rb6 Rc6 32. Rxc6 Qxc6 
33. Qe5 Qd7 34. Ba3 Bf5 35. Qd6 Qe8 36. Bc5 Qb5 37. Qb6 Kh7 38. Bd4 f6 
39. Kh2 Kg6 40. f3 Qa4 41. h4 Bd3 42. Qb7 h5 43. Bc5 Qe8 44. Qc7 a5 45. Qe7 Qc6 
46. Bd6 a4 47. Bb8 Qb5 48. Bf4 Kh7 49. Qa3 Kg8 50. Kg1 Qe8 51. Kh2 Qb5 
52. Kg1 Kf7 53. Be3 Kg8 54. Bf4 1/2-1/2

[Event "Thursday 19 April Rapid Engine Tour 12+1 Rounds 9 Starts 1600ST"]
[Site "Infinity Chess"]
[Date "2018.4.19"]
[Round "9"]
[White "HerzsjeMZ"]
[Black "SkyPilot"]
[Result "1/2-1/2"]
[ECO "C55"]
[WhiteElo "2416"]
[BlackElo "2488"]
[WhiteEngine "BrainFish_180418_x64_modern"]
[BlackEngine "stockfish_x64_bmi2_2018_04_07_CTG"]
[EventType "Swiss"]
[WhiteTeam ""]
[BlackTeam ""]
[PlyCount "123"]
[TimeControl "720+1"]

1. e4 e5 2. Nf3 Nc6 3. Bc4 Nf6 4. d3 Bc5 5. c3 d6 6. O-O O-O 7. Nbd2 a5 
8. Re1 h6 9. Nf1 a4 10. h3 Bd7 11. Bb5 Ne7 12. Bxd7 Qxd7 13. Ng3 Bb6 14. d4 Rfe8 
15. Be3 Qb5 16. Rb1 exd4 17. cxd4 d5 18. e5 Ne4 19. Nh4 Nxg3 20. fxg3 g5 
21. Kh1 Qd7 22. Nf3 Nf5 23. Bf2 Rf8 24. Qd3 Ng7 25. Nh2 f6 26. Ng4 fxe5 
27. Rxe5 Qd6 28. Be1 h5 29. Nh2 Rae8 30. Rxg5 Qe6 31. Re5 Qc6 32. Nf3 Qc4 
33. Qxc4 dxc4 34. Bc3 Rxe5 35. Nxe5 Rd8 36. Kh2 Bxd4 37. Nxc4 b5 38. Na3 c6 
39. Rd1 Ne6 40. Nc2 Bxc3 41. Rxd8+ Nxd8 42. bxc3 Ne6 43. a3 Nc7 44. Kg1 Nd5 
45. c4 bxc4 46. Kf2 Nc7 47. Ke3 Nb5 48. Kf4 Kf7 49. g4 hxg4 50. hxg4 c3 
51. Ke5 c5 52. Ke4 Ke6 53. Kd3 Kd5 54. Ne3+ Ke6 55. Kc4 Nxa3+ 56. Kxc3 Nb5+ 
57. Kc4 Nd6+ 58. Kxc5 a3 59. g5 a2 60. Nc2 a1=Q 61. Nxa1 Ke5 62. Nb3 1/2-1/2

[Event "Thursday 19 April Rapid Engine Tour 12+1 Rounds 9 Starts 1600ST"]
[Site "Infinity Chess"]
[Date "2018.4.19"]
[Round "9"]
[White "MarioDeMonti"]
[Black "RonWeasley"]
[Result "1/2-1/2"]
[ECO "C07"]
[WhiteElo "2485"]
[BlackElo "2453"]
[WhiteEngine "stockfish_x64_bmi2_2018_02_18_CTG"]
[BlackEngine "BrainFish 090218_CTG"]
[EventType "Swiss"]
[WhiteTeam ""]
[BlackTeam ""]
[PlyCount "149"]
[TimeControl "720+1"]

1. e4 e6 2. d4 d5 3. Nd2 c5 4. Ngf3 cxd4 5. exd5 Qxd5 6. Bc4 Qd6 7. O-O Nf6 
8. Nb3 Nc6 9. Nbxd4 Nxd4 10. Nxd4 a6 11. Re1 Qc7 12. Qe2 h6 13. h3 Bc5 
14. Nf5 Kf8 15. Ne3 b6 16. Bd3 Bb7 17. Bd2 h5 18. b4 Bd6 19. c4 Rd8 20. Bc3 Bh2+ 
21. Kh1 Rh6 22. Rad1 Bf4 23. a3 a5 24. Kg1 Bh2+ 25. Kh1 Bf4 26. Bb1 Rc8 
27. Qb2 Ra8 28. Rd4 axb4 29. axb4 Kg8 30. f3 Re8 31. b5 Be5 32. Rdd1 Bg3 
33. Re2 Bf4 34. Qb3 Rc8 35. Bb2 Nd7 36. Qc3 f6 37. Qe1 Nc5 38. Nf5 exf5 
39. Re7 Qb8 40. Bxf5 Rf8 41. Ba3 Bc8 42. Re8 Bxf5 43. Rxb8 Rxb8 44. Bxc5 bxc5 
45. Qe7 Bc2 46. Rd8+ Rxd8 47. Qxd8+ Kh7 48. b6 f5 49. b7 Re6 50. g3 Bxg3 
51. b8=R Bxb8 52. Qxb8 Re3 53. Kg2 Bd3 54. Qf4 Re2+ 55. Kg1 Re1+ 56. Kg2 Re2+ 
57. Kg3 Rc2 58. Qe3 h4+ 59. Kf4 Rxc4+ 60. Ke5 Rc3 61. Qg5 c4 62. Qxh4+ Kg6 
63. Qg3+ Kh7 64. Qh4+ Kg6 65. Kd4 Rc1 66. Qg3+ Kh7 67. f4 Be4 68. Qh4+ Kg8 
69. Kc5 c3 70. Qe7 c2 71. Qe8+ Kh7 72. Qh5+ Kg8 73. Qe8+ Kh7 74. Qh5+ Kg8 
75. Qe8+ 1/2-1/2

[Event "Thursday 19 April Rapid Engine Tour 12+1 Rounds 9 Starts 1600ST"]
[Site "Infinity Chess"]
[Date "2018.4.19"]
[Round "8"]
[White "Thinker"]
[Black "ludimilojko"]
[Result "1-0"]
[ECO "C50"]
[WhiteElo "2445"]
[BlackElo "2298"]
[WhiteEngine "BrainFish_180411_x64_modern_CTG"]
[BlackEngine "asmFishW_2018-04-15_base_CTG"]
[EventType "Swiss"]
[WhiteTeam ""]
[BlackTeam ""]
[PlyCount "164"]
[TimeControl "720+1"]

1. e4 e5 2. Nf3 Nc6 3. Bc4 Bc5 4. O-O Nf6 5. d3 O-O 6. c3 d6 7. h3 a6 8. Re1 Ba7 
9. Bb3 h6 10. Nbd2 Re8 11. Nf1 Be6 12. Bc2 d5 13. Qe2 b5 14. Bd2 Qd7 15. Ng3 d4 
16. a4 Bc5 17. Rec1 Qd6 18. Qe1 Bb6 19. Rab1 Red8 20. Rd1 Rab8 21. Ne2 dxc3 
22. bxc3 Qe7 23. Ng3 Nd7 24. axb5 axb5 25. Be3 Bxe3 26. Qxe3 Qa3 27. Rdc1 Ne7 
28. d4 exd4 29. Nxd4 Qc5 30. Rd1 Ba2 31. Rb2 Bc4 32. f4 Nb6 33. Rbb1 Na4 
34. Ra1 f6 35. e5 fxe5 36. fxe5 Bf7 37. e6 Be8 38. Ne4 Qe5 39. Re1 Bg6 
40. Kh1 Nb6 41. Qf3 Rf8 42. Qg4 Rf4 43. Nc6 Nxc6 44. Qxg6 Qf5 45. Nc5 Qxg6 
46. Bxg6 Nd5 47. Rad1 Nce7 48. Rxd5 Nxd5 49. e7 Nxe7 50. Rxe7 Rf6 51. Be4 Rd6 
52. h4 Kh8 53. Nd7 Rc8 54. Kh2 c5 55. Bf5 Ra8 56. Nxc5 Rdd8 57. Nd3 Rd6 
58. Ne5 Rda6 59. h5 Rb6 60. Be4 Rc8 61. Nd7 Rd6 62. Ne5 Rb6 63. Nd7 Rd6 
64. Bb7 Rd8 65. Ne5 Kg8 66. Be4 Ra6 67. Rb7 Ra3 68. Nc6 Re8 69. Bg6 Rea8 
70. Rc7 Kf8 71. Nd4 R3a7 72. Rc5 Rd7 73. Rxb5 Kg8 74. Be4 Ra6 75. Bd5+ Kh7 
76. c4 Rad6 77. Ne6 Kg8 78. Nf4+ Kf8 79. Be6 Rxe6 80. Nxe6+ Kf7 81. Rb7 Kxe6 
82. Rxd7 Kxd7 1-0

[Event "Thursday 19 April Rapid Engine Tour 12+1 Rounds 9 Starts 1600ST"]
[Site "Infinity Chess"]
[Date "2018.4.19"]
[Round "8"]
[White "IronMan"]
[Black "HerzsjeMZ"]
[Result "1/2-1/2"]
[ECO "D31"]
[WhiteElo "2449"]
[BlackElo "2415"]
[WhiteEngine "Eman 170b21-IDeA"]
[BlackEngine "BrainFish_180418_x64_modern"]
[EventType "Swiss"]
[WhiteTeam ""]
[BlackTeam ""]
[PlyCount "157"]
[TimeControl "720+1"]

1. d4 d5 2. c4 e6 3. Nc3 c6 4. e4 dxe4 5. Nxe4 Bb4+ 6. Nc3 e5 7. Be3 exd4 
8. Qxd4 Qxd4 9. Bxd4 Nf6 10. Nge2 O-O 11. O-O-O Na6 12. Ng3 Be6 13. Be2 Nd7 
14. Nce4 Ndc5 15. Be5 Nxe4 16. Nxe4 Be7 17. Rhe1 f5 18. Nd2 Nc5 19. Nb3 Nxb3+ 
20. axb3 Rfd8 21. Bd3 g6 22. Bc3 Kf7 23. Kc2 a5 24. Ra1 Bb4 25. Be2 Bxc3 
26. Kxc3 f4 27. c5 Kf6 28. h4 h6 29. Ra4 g5 30. g3 fxg3 31. fxg3 Rd5 32. Bc4 Re5 
33. Rxe5 Kxe5 34. Bxe6 Kxe6 35. hxg5 hxg5 36. b4 axb4+ 37. Rxb4 Ra7 38. Re4+ Kd5 
39. Rg4 Kxc5 40. Rxg5+ Kd6 41. g4 Ra4 42. Rg7 Kc5 43. b4+ Kb6 44. Kb3 Ra1 
45. g5 Rg1 46. g6 Rg3+ 47. Kc4 Rg4+ 48. Kc3 Rg3+ 49. Kd4 Rg4+ 50. Ke5 Rg1 
51. Kd6 Rg3 52. Ke5 Rg2 53. Kf5 Rf2+ 54. Ke4 Rg2 55. Kf4 Rg1 56. Kf3 Rf1+ 
57. Kg2 Re1 58. Rf7 Re8 59. g7 Rg8 60. Kf3 Kb5 61. Ke4 b6 62. Kd4 c5+ 
63. Kc3 Kc6 64. b5+ Kxb5 65. Rc7 Rd8 66. Rb7 Rg8 67. Rd7 Re8 68. Rd6 Ra8 
69. Rg6 Rg8 70. Kb3 c4+ 71. Kc3 Kc5 72. Rg1 b5 73. Rg5+ Kd6 74. Kb4 c3 
75. Kb3 c2 76. Kxc2 Ke6 77. Kd2 b4 78. Rg1 Kf7 79. Kc2 1/2-1/2

[Event "Thursday 19 April Rapid Engine Tour 12+1 Rounds 9 Starts 1600ST"]
[Site "Infinity Chess"]
[Date "2018.4.19"]
[Round "8"]
[White "angriff"]
[Black "ocirema"]
[Result "1/2-1/2"]
[ECO "C50"]
[WhiteElo "2368"]
[BlackElo "2435"]
[WhiteEngine "DracoREX 3.07 64BIT POPCNT_CTG"]
[BlackEngine "asmFishW_2018-04-15_popcnt_CTG"]
[EventType "Swiss"]
[WhiteTeam ""]
[BlackTeam ""]
[PlyCount "143"]
[TimeControl "720+1"]

1. e4 e5 2. Nf3 Nc6 3. Bc4 Bc5 4. d3 Nf6 5. c3 d6 6. O-O O-O 7. Bg5 a6 8. a4 h6 
9. Bh4 g5 10. Bg3 Ba7 11. Na3 Ne7 12. Nc2 Ng6 13. Ne3 Kg7 14. Bb3 Bxe3 
15. fxe3 Nh5 16. Nxe5 Nxg3 17. Nxg6 Nxf1 18. Nxf8 Nxh2 19. Kxh2 Qxf8 20. Qf3 Be6 
21. Bd5 c6 22. Bxe6 fxe6 23. Qe2 Qf6 24. Rf1 Qe5+ 25. Kg1 Rf8 26. Rxf8 Kxf8 
27. Qh5 Qf6 28. a5 Ke7 29. d4 Qg7 30. b4 Qh7 31. Kh2 Qxe4 32. Qxh6 Qxe3 
33. Qg7+ Ke8 34. Qxb7 Qf4+ 35. Kg1 Qe3+ 36. Kh2 Qxc3 37. Qxa6 Qxd4 38. Qxc6+ Ke7 
39. Qc7+ Ke8 40. g3 g4 41. Kg2 Qd5+ 42. Kf1 Qd2 43. Qc8+ Kf7 44. Qd7+ Kf6 
45. Qd8+ Ke5 46. Qh8+ Ke4 47. Qh1+ Kd4 48. Qh7 Qxb4 49. Qa7+ Ke4 50. a6 Qb5+ 
51. Ke1 d5 52. Kf2 Qb2+ 53. Kf1 Qc1+ 54. Kg2 Qb2+ 55. Kf1 e5 56. Qf2 Qa3 
57. a7 Qa4 58. Qd2 Qa3 59. Qd1 Kf5 60. Qc2+ Kg5 61. Qd2+ Kf5 62. Qxd5 Qxa7 
63. Ke2 Qa6+ 64. Kd2 Qf6 65. Qd3+ Kg5 66. Ke2 e4 67. Qe3+ Kf5 68. Qf4+ Kg6 
69. Qxg4+ Kf7 70. Qxe4 Qb2+ 71. Kf3 Qb3+ 72. Kf4 1/2-1/2

[Event "Thursday 19 April Rapid Engine Tour 12+1 Rounds 9 Starts 1600ST"]
[Site "Infinity Chess"]
[Date "2018.4.19"]
[Round "8"]
[White "hafaba"]
[Black "Seliga"]
[Result "1/2-1/2"]
[ECO "C55"]
[WhiteElo "2451"]
[BlackElo "2477"]
[WhiteEngine "Eman 1.70-beta21 64-bit POPCNT_CTG"]
[BlackEngine "SF9 ''X20''_CTG"]
[EventType "Swiss"]
[WhiteTeam ""]
[BlackTeam ""]
[PlyCount "281"]
[TimeControl "720+1"]

1. e4 e5 2. Nf3 Nc6 3. Bc4 Nf6 4. d3 Bc5 5. O-O a5 6. c3 d6 7. Nbd2 O-O 
8. Re1 Ba7 9. h3 Ne7 10. Nf1 c6 11. Bb3 Ng6 12. Ng3 d5 13. Qc2 dxe4 14. dxe4 h6 
15. Nf5 Qc7 16. Nh2 Bc5 17. g3 Qb6 18. Rf1 Be6 19. Ng4 Nxg4 20. hxg4 Rfd8 
21. g5 h5 22. Qe2 Bxb3 23. axb3 Qxb3 24. Kg2 a4 25. Rh1 h4 26. gxh4 Ne7 
27. Nxe7+ Bxe7 28. Be3 Qe6 29. Qf3 Rd3 30. Qf5 Qxf5 31. exf5 e4 32. Rhe1 Bd6 
33. Red1 c5 34. c4 Be5 35. Rxd3 exd3 36. Ra2 Bd4 37. Kf3 Rd8 38. Bd2 Re8 
39. Rxa4 Re5 40. Bf4 Rxf5 41. Ra8+ Kh7 42. Ke4 g6 43. Be3 d2 44. Bxd4 cxd4 
45. Ra1 Rxf2 46. Kxd4 f6 47. Rd1 Rh2 48. gxf6 Rxh4+ 49. Kc3 g5 50. Rxd2 Kg6 
51. b4 Kxf6 52. Rd6+ Kf5 53. Rd7 Rh3+ 54. Kd4 Rh4+ 55. Kc3 g4 56. Rxb7 g3 
57. Rf7+ Ke4 58. Rg7 Kf4 59. c5 Rg4 60. Rxg4+ Kxg4 61. c6 g2 62. c7 g1=Q 
63. c8=Q+ Kf4 64. Kb3 Qd1+ 65. Qc2 Qd8 66. Qe2 Qb6 67. b5 Kg3 68. Qe5+ Kf2 
69. Qf4+ Ke1 70. Qc1+ Kf2 71. Qb2+ Ke1 72. Qa1+ Ke2 73. Qe5+ Kf1 74. Qd5 Qf2 
75. Qh1+ Ke2 76. Qe4+ Kf1 77. Qh1+ Ke2 78. Qe4+ Kf1 79. Qd3+ Kg1 80. Qb1+ Kg2 
81. Qg6+ Kh1 82. Qd3 Kh2 83. Kc4 Kg2 84. Qd5+ Kf1 85. Qd1+ Kg2 86. Qg4+ Kf1 
87. Qe4 Kg1 88. Qg4+ Kf1 89. Qd1+ Kg2 90. Qd4 Qf1+ 91. Kc5 Qb1 92. b6 Qc2+ 
93. Kd5 Qf5+ 94. Qe5 Qd3+ 95. Ke6 Qh3+ 96. Ke7 Qh7+ 97. Kf8 Qd3 98. Qc7 Kh1 
99. Qc6+ Kh2 100. Qc7+ Kh1 101. Qc6+ Kh2 102. b7 Qf5+ 103. Ke8 Qh5+ 
104. Kd8 Qh8+ 105. Kc7 Qg7+ 106. Kb8 Qb2 107. Qd6+ Kh1 108. Kc7 Qg7+ 
109. Kb8 Qg3 110. Kc7 Qg7+ 111. Kb6 Qb2+ 112. Ka7 Qa1+ 113. Kb8 Qh8+ 
114. Ka7 Qa1+ 115. Qa6 Qd4+ 116. Ka8 Qe4 117. Qb5 Kg2 118. Qb3 Kh2 119. Qd1 Kh3 
120. Qd7+ Kg2 121. Qb5 Kh2 122. Qd7 Kg1 123. Ka7 Qe3+ 124. Ka6 Qa3+ 
125. Kb6 Qe3+ 126. Kc7 Qc5+ 127. Qc6 Qe7+ 128. Kb6 Qb4+ 129. Ka7 Qa3+ 
130. Qa6 Qe7 131. Qb6+ Kh1 132. Qc6+ Kh2 133. Qc2+ Kh1 134. Qb1+ Kg2 
135. Qb2+ Kh1 136. Qc3 Kg2 137. Qc1 Kh2 138. Qb2+ Kh1 139. Qa1+ Kh2 140. Qa5 Kg2 
141. Qc3 1/2-1/2